| TOP OF THE 1ST |
|
San Antonio Missions batting - Pitching for Tulsa Drillers : RHP Victor Torres
|
|
Pitching: RHP Victor Torres
|
|
|
Batting: RHB Wally Cangro
|
0-0: Ground out 4-3 (Groundball, 34, EV 86.2 MPH)
|
|
Pinch Hitting: LHB David Seminario
|
0-0: Swinging Strike 0-1: Ball 1-1: Foul Ball, location: 2F 1-2: Ball 2-2: Ground out 3-1 (Groundball, 34S, EV 81.2 MPH)
|
|
Batting: SHB Devin Hottenstein
|
0-0: SOLO HOME RUN (Flyball, 7D, EV 98.1 MPH), Distance : 361 ft
|
|
Batting: RHB Mike Maserang
|
0-0: Foul Ball, location: 2F 0-1: Foul Ball, location: 2F 0-2: Ball 1-2: Ground out 5-3 (Groundball, 5L, EV 100.0 MPH)
|
| Top of the 1st over - 1 run, 1 hit, 0 errors, 0 left on base; San Antonio 1 - Tulsa 0 |
| BOTTOM OF THE 1ST |
|
Tulsa Drillers batting - Pitching for San Antonio Missions : LHP Luis Sanchez
|
|
Pitching: LHP Luis Sanchez
|
|
|
Now in RF: David Seminario
|
|
|
Batting: RHB Sam Saunders
|
0-0: Ball 1-0: Ball 2-0: Called Strike 2-1: SINGLE (Groundball, 6S, EV 68.1 MPH) (infield hit)
|
|
Batting: RHB Curt Earnest
|
0-0: Ball Sam Saunders is caught stealing 2nd base 2-4 1-0: Ground out 6-3 (Groundball, 6, EV 102.5 MPH)
|
|
Batting: RHB Seth Tramontano
|
0-0: Called Strike 0-1: Ball 1-1: Foul Ball, location: 2F 1-2: Ball 2-2: Ball 3-2: Fly out, F8 (Line Drive, 8RD, EV 98.8 MPH)
|
| Bottom of the 1st over - 0 runs, 1 hit, 0 errors, 0 left on base; San Antonio 1 - Tulsa 0 |
| TOP OF THE 2ND |
|
San Antonio Missions batting - Pitching for Tulsa Drillers : RHP Victor Torres
|
|
Batting: LHB Javy Portela
|
0-0: Called Strike 0-1: Ball 1-1: Called Strike 1-2: Ball 2-2: Strikes out swinging
|
|
Batting: RHB Freddie Brown
|
0-0: Ball 1-0: Foul Ball, location: 2F 1-1: Swinging Strike 1-2: Ball 2-2: SINGLE (Line Drive, 9S, EV 110.0 MPH)
|
|
Batting: SHB Olaf Zoeteman
|
0-0: Called Strike 0-1: Called Strike 0-2: Foul Ball, location: 2F 0-2: Fly out, F7 (Flyball, 78D, EV 99.4 MPH)
|
|
Batting: RHB Francisco Trejo
|
0-0: Called Strike 0-1: Ball 1-1: Fly out, F7 (Flyball, 78M, EV 95.0 MPH)
|
| Top of the 2nd over - 0 runs, 1 hit, 0 errors, 1 left on base; San Antonio 1 - Tulsa 0 |
| BOTTOM OF THE 2ND |
|
Tulsa Drillers batting - Pitching for San Antonio Missions : LHP Luis Sanchez
|
|
Batting: RHB Jerry Sanchez
|
0-0: Ball 1-0: Swinging Strike 1-1: Ball 2-1: Fly out, F8 (Flyball, 78S, EV 93.8 MPH)
|
|
Batting: RHB Steve Perez
|
0-0: Ball 1-0: Called Strike 1-1: Foul Ball, location: 2F 1-2: SINGLE (Flyball, 9LM, EV 107.5 MPH)
|
|
Batting: RHB Tony Reyna
|
0-0: Called Strike 0-1: Ball 1-1: Swinging Strike 1-2: SINGLE (Line Drive, 7S, EV 109.4 MPH) Steve Perez to second
|
|
Batting: LHB Chris Fandino
|
0-0: Ball 1-0: Foul Ball, location: 2F 1-1: Foul Ball, location: 2F 1-2: Ball 2-2: Grounds into double play, 5-4-3 (Groundball, 56, EV 104.4 MPH)
|
| Bottom of the 2nd over - 0 runs, 2 hits, 0 errors, 1 left on base; San Antonio 1 - Tulsa 0 |
| TOP OF THE 3RD |
|
San Antonio Missions batting - Pitching for Tulsa Drillers : RHP Victor Torres
|
|
Batting: RHB Jerry Garcez
|
0-0: Foul Ball, location: 2F 0-1: Swinging Strike 0-2: Ball 1-2: Strikes out swinging
|
|
Batting: RHB Wally Cangro
|
0-0: Called Strike 0-1: Foul Ball, location: 2F 0-2: Strikes out swinging
|
|
Batting: LHB David Seminario
|
0-0: Ball 1-0: Foul Ball, location: 2F 1-1: Swinging Strike 1-2: Foul Ball, location: 2F 1-2: Foul Ball, location: 2F 1-2: Ball 2-2: Ball 3-2: SINGLE (Groundball, 6D, EV 102.5 MPH)
|
|
Batting: SHB Devin Hottenstein
|
0-0: Ball 1-0: Fly out, F5 (Popup, 6, EV 60.0 MPH)
|
| Top of the 3rd over - 0 runs, 1 hit, 0 errors, 1 left on base; San Antonio 1 - Tulsa 0 |
| BOTTOM OF THE 3RD |
|
Tulsa Drillers batting - Pitching for San Antonio Missions : LHP Luis Sanchez
|
|
Batting: SHB Xavier Alaniz
|
0-0: Ball 1-0: Called Strike 1-1: Called Strike 1-2: Fly out, F7 (Flyball, 78D, EV 75.6 MPH)
|
|
Batting: RHB T.J. Jordan
|
0-0: Ball 1-0: Ball 2-0: Ball 3-0: Base on Balls
|
|
Batting: RHB Sam Saunders
|
0-0: Foul Ball, location: 2F 0-1: Ball 1-1: Ball 2-1: Foul Ball, location: 2F 2-2: Strikes out looking
|
|
Batting: RHB Curt Earnest
|
0-0: Ground out 4-3 (Groundball, 4MS, EV 86.9 MPH)
|
| Bottom of the 3rd over - 0 runs, 0 hits, 0 errors, 1 left on base; San Antonio 1 - Tulsa 0 |
| TOP OF THE 4TH |
|
San Antonio Missions batting - Pitching for Tulsa Drillers : RHP Victor Torres
|
|
Batting: RHB Mike Maserang
|
0-0: Ground out 6-3 (Groundball, 56, EV 88.1 MPH)
|
|
Batting: LHB Javy Portela
|
0-0: Fly out, F7 (Flyball, 7S, EV 88.8 MPH)
|
|
Batting: RHB Freddie Brown
|
0-0: Called Strike 0-1: Ball 1-1: Ball 2-1: Called Strike 2-2: Foul Ball, location: 2F 2-2: Foul Ball, location: 2F 2-2: Strikes out swinging
|
| Top of the 4th over - 0 runs, 0 hits, 0 errors, 0 left on base; San Antonio 1 - Tulsa 0 |
| BOTTOM OF THE 4TH |
|
Tulsa Drillers batting - Pitching for San Antonio Missions : LHP Luis Sanchez
|
|
Batting: RHB Seth Tramontano
|
0-0: Ground out 5-3 (Groundball, 56, EV 106.9 MPH)
|
|
Batting: RHB Jerry Sanchez
|
0-0: Ball 1-0: Foul Ball, location: 2F 1-1: Ball 2-1: Fly out, F5 (Popup, 25F, EV 91.9 MPH)
|
|
Batting: RHB Steve Perez
|
0-0: SINGLE (Line Drive, 9S, EV 110.6 MPH)
|
|
Batting: RHB Tony Reyna
|
0-0: Called Strike 0-1: Ball 1-1: Fly out, F8 (Flyball, 8RS, EV 90.6 MPH)
|
| Bottom of the 4th over - 0 runs, 1 hit, 0 errors, 1 left on base; San Antonio 1 - Tulsa 0 |
| TOP OF THE 5TH |
|
San Antonio Missions batting - Pitching for Tulsa Drillers : RHP Victor Torres
|
|
Batting: SHB Olaf Zoeteman
|
0-0: SINGLE (Groundball, P, EV 80.6 MPH) (infield hit)
|
|
Batting: RHB Francisco Trejo
|
0-0: Foul Ball, location: 2F 0-1: Called Strike 0-2: Foul Ball, location: 2F 0-2: Ball 1-2: Grounds into double play, 5-4-3 (Groundball, 56S, EV 87.5 MPH)
|
|
Batting: RHB Jerry Garcez
|
0-0: Hit by Pitch
|
|
Batting: RHB Wally Cangro
|
0-0: Called Strike 0-1: Ball 1-1: Swinging Strike 1-2: SINGLE (Line Drive, 4MD, EV 98.8 MPH) Jerry Garcez to second
|
|
Batting: LHB David Seminario
|
0-0: Foul Ball, location: 2F 0-1: Ball 1-1: Ball 2-1: Foul Ball, location: 2F 2-2: Foul Ball, location: 2F 2-2: Foul Ball, location: 2F 2-2: Strikes out swinging
|
| Top of the 5th over - 0 runs, 2 hits, 0 errors, 2 left on base; San Antonio 1 - Tulsa 0 |
| BOTTOM OF THE 5TH |
|
Tulsa Drillers batting - Pitching for San Antonio Missions : LHP Luis Sanchez
|
|
Batting: LHB Chris Fandino
|
0-0: Swinging Strike 0-1: Ball 1-1: SINGLE (Flyball, 3D, EV 91.9 MPH)
|
|
Batting: SHB Xavier Alaniz
|
0-0: Grounds into double play, 6-4-3 (Groundball, 6, EV 86.2 MPH)
|
|
Batting: RHB T.J. Jordan
|
0-0: Ball 1-0: SINGLE (Groundball, 56D, EV 100.0 MPH)
|
|
Batting: RHB Sam Saunders
|
0-0: Foul Ball, location: 2F 0-1: Ball 1-1: Ball 2-1: Foul Ball, location: 2F 2-2: Fielders Choice at 2nd, 6-4 (Groundball, 6, EV 105.0 MPH)
|
| Bottom of the 5th over - 0 runs, 2 hits, 0 errors, 1 left on base; San Antonio 1 - Tulsa 0 |
| TOP OF THE 6TH |
|
San Antonio Missions batting - Pitching for Tulsa Drillers : RHP Victor Torres
|
|
Batting: SHB Devin Hottenstein
|
0-0: Foul Ball, location: 2F 0-1: Foul Ball, location: 2F 0-2: Ball 1-2: Foul Ball, location: 2F 1-2: Foul Ball, location: 2F 1-2: Foul Ball, location: 2F 1-2: DOUBLE (Groundball, 3L, EV 93.8 MPH)
|
|
Batting: RHB Mike Maserang
|
0-0: Ball 1-0: SINGLE (Groundball, 6MD, EV 105.0 MPH) Devin Hottenstein to third
|
|
Batting: LHB Javy Portela
|
0-0: Foul Ball, location: 2F 0-1: Swinging Strike 0-2: Ball 1-2: Foul Ball, location: 2F 1-2: Foul Ball, location: 2F 1-2: Ball 2-2: Fly out, F7 (Flyball, 78M, EV 82.5 MPH)
|
|
Batting: RHB Freddie Brown
|
0-0: Called Strike 0-1: Ball 1-1: Ball 2-1: SINGLE (Groundball, 56D, EV 99.4 MPH) Devin Hottenstein scores Mike Maserang to second
|
|
Batting: SHB Olaf Zoeteman
|
0-0: Called Strike 0-1: Swinging Strike 0-2: Ball 1-2: Fly out, F9 (Flyball, 9, EV 91.9 MPH)
|
|
Batting: RHB Francisco Trejo
|
0-0: Ball 1-0: Fielders Choice at 2nd, U4 (Groundball, 4M, EV 111.2 MPH)
|
| Top of the 6th over - 1 run, 3 hits, 0 errors, 2 left on base; San Antonio 2 - Tulsa 0 |
| BOTTOM OF THE 6TH |
|
Tulsa Drillers batting - Pitching for San Antonio Missions : LHP Luis Sanchez
|
|
Batting: RHB Curt Earnest
|
0-0: Foul Ball, location: 2F 0-1: Ball 1-1: Ball 2-1: SINGLE (Line Drive, 56, EV 97.5 MPH)
|
|
Batting: RHB Seth Tramontano
|
0-0: Ball 1-0: Ball 2-0: Called Strike Curt Earnest steals 2nd base 2-1: Foul Ball, location: 2F 2-2: Strikes out swinging
|
|
Batting: RHB Jerry Sanchez
|
0-0: Foul Ball, location: 2F 0-1: Ball 1-1: Foul Ball, location: 2F 1-2: Ball 2-2: Foul Ball, location: 2F 2-2: Ball 3-2: Base on Balls
|
|
Batting: RHB Steve Perez
|
0-0: Called Strike 0-1: Ball 1-1: Ball 2-1: Foul Ball, location: 2F 2-2: Ball 3-2: Foul Ball, location: 2F 3-2: Base on Balls Curt Earnest to third Jerry Sanchez to second
|
|
Batting: RHB Tony Reyna
|
0-0: Foul Ball, location: 2F 0-1: Ball 1-1: Grounds into double play, 6-4-3 (Groundball, 6, EV 100.0 MPH)
|
| Bottom of the 6th over - 0 runs, 1 hit, 0 errors, 2 left on base; San Antonio 2 - Tulsa 0 |
| TOP OF THE 7TH |
|
San Antonio Missions batting - Pitching for Tulsa Drillers : RHP Victor Torres
|
|
Batting: RHB Jerry Garcez
|
0-0: Called Strike 0-1: Called Strike 0-2: Foul Ball, location: 2F 0-2: Ball 1-2: SINGLE (Groundball, 4MD, EV 105.0 MPH)
|
|
Batting: RHB Wally Cangro
|
0-0: Sac Bunt to 13 - play at first, batter OUT! 1-3 Jerry Garcez to second
|
|
Batting: LHB David Seminario
|
0-0: Ball 1-0: Foul Ball, location: 2F 1-1: Called Strike 1-2: Ball 2-2: SINGLE (Line Drive, 34, EV 96.9 MPH) Jerry Garcez to third
|
|
Pitching: RHP Danny Roe
|
|
|
Batting: SHB Devin Hottenstein
|
0-0: Foul Ball, location: 2F 0-1: Ball 1-1: Called Strike 1-2: Strikes out swinging
|
|
Batting: RHB Mike Maserang
|
0-0: Ball 1-0: Ball 2-0: Ball 3-0: Called Strike 3-1: Fielders Choice at 2nd, 6-4 (Groundball, 6, EV 83.1 MPH)
|
| Top of the 7th over - 0 runs, 2 hits, 0 errors, 2 left on base; San Antonio 2 - Tulsa 0 |
| BOTTOM OF THE 7TH |
|
Tulsa Drillers batting - Pitching for San Antonio Missions : LHP Luis Sanchez
|
|
Batting: LHB Chris Fandino
|
0-0: Fly out, F7 (Flyball, 78M, EV 85.0 MPH)
|
|
Batting: SHB Xavier Alaniz
|
0-0: Ball 1-0: Foul Ball, location: 2F 1-1: Swinging Strike 1-2: Ball 2-2: Strikes out looking
|
|
Batting: RHB T.J. Jordan
|
0-0: Ball 1-0: SINGLE (Groundball, 6MD, EV 99.4 MPH)
|
|
Pitching: RHP Nate Ragain
|
|
|
Batting: RHB Sam Saunders
|
0-0: Foul Ball, location: 2F 0-1: Swinging Strike 0-2: Ball 1-2: Strikes out swinging
|
| Bottom of the 7th over - 0 runs, 1 hit, 0 errors, 1 left on base; San Antonio 2 - Tulsa 0 |
| TOP OF THE 8TH |
|
San Antonio Missions batting - Pitching for Tulsa Drillers : RHP Danny Roe
|
|
Batting: LHB Javy Portela
|
0-0: Ball 1-0: Foul Ball, location: 2F 1-1: SINGLE (Groundball, 4MD, EV 104.4 MPH)
|
|
Batting: RHB Freddie Brown
|
0-0: Ball Wild Pitch! Javy Portela to second 1-0: Called Strike 1-1: Called Strike 1-2: Strikes out swinging
|
|
Batting: SHB Olaf Zoeteman
|
0-0: Called Strike 0-1: Ball 1-1: Ball 2-1: Ball 3-1: Base on Balls
|
|
Batting: RHB Francisco Trejo
|
0-0: Foul Ball, location: 2F 0-1: Swinging Strike 0-2: Foul Ball, location: 2F 0-2: Ball Wild Pitch! Javy Portela to third Olaf Zoeteman to second 1-2: Foul Ball, location: 2F 1-2: Ball 2-2: Strikes out looking
|
|
Batting: RHB Jerry Garcez
|
0-0: Called Strike 0-1: Called Strike 0-2: Ball 1-2: Ball 2-2: Ball 3-2: Ground out 5-3 (Groundball, 56, EV 84.4 MPH)
|
| Top of the 8th over - 0 runs, 1 hit, 0 errors, 2 left on base; San Antonio 2 - Tulsa 0 |
| BOTTOM OF THE 8TH |
|
Tulsa Drillers batting - Pitching for San Antonio Missions : RHP Nate Ragain
|
|
Batting: RHB Curt Earnest
|
0-0: Ball 1-0: Ground out 4-3 (Groundball, 4, EV 90.0 MPH)
|
|
Pinch Hitting: LHB Jose Robles
|
0-0: Called Strike 0-1: Ball 1-1: Ball 2-1: Swinging Strike 2-2: Ball 3-2: Foul Ball, location: 2F 3-2: Ground out 1-3 (Groundball, 15S, EV 68.8 MPH)
|
|
Pinch Hitting: LHB Steve Pond
|
0-0: Swinging Strike 0-1: Foul Ball, location: 2F 0-2: Foul Ball, location: 2F 0-2: Foul Ball, location: 2F 0-2: Ball 1-2: Strikes out looking
|
| Bottom of the 8th over - 0 runs, 0 hits, 0 errors, 0 left on base; San Antonio 2 - Tulsa 0 |
| TOP OF THE 9TH |
|
San Antonio Missions batting - Pitching for Tulsa Drillers : RHP Danny Roe
|
|
Pitching: RHP Craig Fallon
|
|
|
Now at SS: Terry Jarrells
|
|
|
Now in RF: Steve Pond
|
|
|
Batting: RHB Wally Cangro
|
0-0: Ball 1-0: Foul Ball, location: 2F 1-1: Fly out, F8 (Line Drive, 8RM, EV 101.2 MPH)
|
|
Batting: LHB David Seminario
|
0-0: Ball 1-0: Ball 2-0: Foul Ball, location: 2F 2-1: Ball 3-1: Called Strike 3-2: Base on Balls
|
|
Batting: SHB Devin Hottenstein
|
0-0: Called Strike 0-1: Fly out, F7 (Flyball, 7, EV 86.9 MPH)
|
|
Batting: RHB Mike Maserang
|
0-0: Foul Ball, location: 2F 0-1: Ball 1-1: Ball 2-1: SINGLE (Line Drive, 89S, EV 105.0 MPH) David Seminario to second
|
|
Batting: LHB Javy Portela
|
0-0: Ground out U3 (Groundball, 3S, EV 85.6 MPH)
|
| Top of the 9th over - 0 runs, 1 hit, 0 errors, 2 left on base; San Antonio 2 - Tulsa 0 |
| BOTTOM OF THE 9TH |
|
Tulsa Drillers batting - Pitching for San Antonio Missions : RHP Nate Ragain
|
|
Pitching: LHP Ed Valdez
|
|
|
Batting: RHB Steve Perez
|
0-0: Called Strike 0-1: Ball 1-1: Called Strike 1-2: Ball 2-2: Ball 3-2: Fly out, F9 (Flyball, 89D, EV 101.9 MPH)
|
|
Batting: RHB Tony Reyna
|
0-0: Foul Ball, location: 2F 0-1: Ball 1-1: Ball 2-1: Ball 3-1: Base on Balls
|
|
Batting: RHB John Manocchio
|
0-0: Foul Ball, location: 2F 0-1: Ball 1-1: Ball 2-1: Foul Ball, location: 2F 2-2: Strikes out looking
|
|
Batting: SHB Xavier Alaniz
|
0-0: Called Strike 0-1: Foul Ball, location: 2F 0-2: Strikes out looking
|
| Bottom of the 9th over - 0 runs, 0 hits, 0 errors, 1 left on base; San Antonio 2 - Tulsa 0 |
|